 Dungeon Sprint DCSS version 0.31-a0-846-gb3bcc0d938 (webtiles) character file.

Game seed: 3052603120987062535

1470 rocky1 the Spear-Bearer (level 8, -13/81 HPs)
             Began as a Naga Fighter on Oct 4, 2023.
             Was a High Priest of Cheibriados.
             Killed from afar by a deep elf zephyrmancer (33 damage)
             ... with a bolt of lightning
             ... in the Dungeon (Sprint V: "Ziggurat Sprint").
             The game lasted 00:04:19 (765 turns).

rocky1 the Spear-Bearer (Naga Fighter)               Turns: 765, Time: 00:04:20

Health: -13/81     AC: 10    Str: 45    XL:     8   Next: 78%
Magic:  12/13      EV: 10    Int: 21    God:    Cheibriados [*****.]
Gold:   0          SH:  7    Dex: 22    Spells: 7/7 levels left

rFire   + + +        A - +8 lance "Wyrmbane" {slay drac, rPois rF+ rC+ AC+3}
rCold   + . .        n - +0 buckler of the Earth {rF+ rN+}
rNeg    + . .        J - +1 ring mail {rF+}
rPois   +            (no helmet)
rElec   .            (no cloak)
rCorr   .            (no gloves)
SInv    +            (no barding)
Will    +....        (no amulet)
Stlth   ++           y - +6 ring of strength
HPRegen 0.33/turn    x - +6 ring of strength
MPRegen 0.13/turn

%: no teleportation
@: studying Maces & Flails, very slow
A: AC +2, large, see invisible, deformed body, poison resistance, slowness 2,
spit poison 1, naga tail 1
a: Spit Poison, Renounce Religion, Bend Time, Temporal Distortion, Slouch, Step
From Time


You were in the Dungeon.
You worshipped Cheibriados.
Cheibriados was extremely pleased with you.
You visited 1 branch

Inventory:

Hand Weapons
 z - the +11 Singing Sword {sonic wave}
   (You found it in the Dungeon)
 A - the +8 lance "Wyrmbane" (weapon) {slay drac, rPois rF+ rC+ AC+3}
   (You found it in the Dungeon)

   AC+3:      It affects your AC (+3).
   rF+:       It protects you from fire.
   rC+:       It protects you from cold.
   rPois:     It protects you from poison
 B - the +9 sword of Power {lifebolt}
   (You found it in the Dungeon)
 F - a +5 bardiche
 G - a +5 demon trident
 M - the +5 Lochaber axe {reach-cleave, Poleaxe Drain}
   (You found it in the Dungeon)

   Poleaxe:   It uses either Axes or Polearms skill, whichever is higher.
   Drain:     It drains your maximum health when unequipped.
Armour
 n - the +0 buckler of the Earth (worn) {rF+ rN+}
   (You found it in the Dungeon)

   rF+:       It protects you from fire.
   rN+:       It protects you from negative energy.
 H - a +8 chain mail of ponderousness
 J - a +1 ring mail of fire resistance (worn)
Jewellery
 x - a +6 ring of strength (right hand)
 y - a +6 ring of strength (left hand)
Wands
 C - a wand of mindburst (7)
 D - a wand of iceblast (6) (quivered)
 E - a wand of acid (7)
 I - a wand of charming (8)
 K - a wand of flame (10)
Scrolls
 j - 4 scrolls of blinking
 o - 4 scrolls of amnesia
 p - 7 scrolls of fog
 q - 5 scrolls of identify
 r - 2 scrolls of fear
Potions
 d - 6 potions of might
 e - 10 potions of curing
 f - 10 potions of heal wounds
 g - 6 potions of haste
 h - 7 potions of magic
 i - 3 potions of berserk rage
 k - 2 potions of brilliance
 l - 2 potions of invisibility
 m - 4 potions of resistance


   Skills:
 + Level 8.0 Fighting
 * Level 11.8 Polearms
 + Level 7.8 Armour
 + Level 2.5 Dodging
 + Level 1.7 Stealth
 + Level 6.4 Shields
 * Level 7.6 Invocations
 + Level 0.3 Evocations


You had 7 spell levels left.
You didn't know any spells.
Your spell library contained the following spells:

 Spells                   Type           Power      Damage    Failure   Level
 Apportation              Tloc           0%         N/A       24%         1
 Jinxbite                 Hex            0%         N/A       36%         2
 Hailstorm                Conj/Ice       0%         3d3       58%         3
 Leda's Liquefaction      Hex/Erth       0%         N/A       94%         4
 Summon Ice Beast         Ice/Summ       0%         N/A       94%         4
 Alistair's Intoxication  Tmut/Pois      0%         N/A       100%        5
 Lee's Rapid Deconstruct  Erth           0%         3d4*      100%        5
 Bombard                  Conj/Erth      0%         9d1       100%        6
 Simulacrum               Ice/Necr       0%         N/A       100%        6


Dungeon Overview and Level Annotations

Branches:
Dungeon (1/1)

Altars:
Ashenzari
Cheibriados
Dithmenos
Elyvilon
Fedhas
Gozag
Hepliaklqana
Kikubaaqudgha
Makhleb
Nemelex Xobeh
Okawaru
Qazlal
Ru
Sif Muna
Trog
Uskayaw
Vehumet
Wu Jian
Xom
Yredelemnul
Zin
The Shining One
Jiyva
Lugonu


Innate Abilities, Weirdness & Mutations

Your serpentine skin is tough. (AC +2)
You have supernaturally acute eyesight. (SInv)
Armour fits poorly on your strangely shaped body.
Your system is resistant to poisons. (rPois)
You cover ground very slowly.
You can spit poison.
You have a snake-like lower body.


Message History

The mass of ice explodes!
The iceblast engulfs the deep elf knight!
The deep elf knight is severely wounded.
The iceblast engulfs the water elemental!
You destroy the water elemental!
Cheibriados appreciates the change of pace.
Cheibriados raises the support of your attributes as your movement slows.
The iceblast engulfs the +1 trident of protection!
The +1 trident of protection partially resists.
The +1 trident of protection is severely damaged.
The +1 trident of protection hits you from afar!
The deep elf knight gestures at you while chanting.
The shard of ice hits you!! You partially resist.
The deep elf zephyrmancer casts a spell at you.
The bolt of lightning hits the deep elf knight!!
The deep elf knight dies!
The bolt of lightning hits the +1 trident of protection.
The +1 trident of protection completely resists.
The bolt of lightning misses you.
Your Fighting skill increases to level 8!
Your Polearms skill increases to level 11!
Your Dodging skill increases to level 2!
Your Stealth skill increases to level 1!
Your Invocations skill increases to level 7!
Aiming: Iceblast
Press: ? - help, Q - select action, (/) - cycle Shift-Dir - straight line The mass of ice explodes!
The iceblast engulfs the +1 trident of protection.
The +1 trident of protection partially resists.
The +1 trident of protection is severely damaged.
The iceblast engulfs the earth elemental.
The earth elemental partially resists.
The earth elemental is lightly damaged.
You block the +1 trident of protection's attack.
The +1 trident of protection hits you from afar!
* * * LOW HITPOINT WARNING * * *
The deep elf zephyrmancer gestures at you while chanting.
The bolt of lightning misses the +1 trident of protection.
The bolt of lightning hits you!!
You die...

©
▓..[))..▓
▓..e[)..▓
▓...E...▓
▓..).E..▓
▓.......▓
...(...
▓.▓...▓.▓
▓...@...▓
▓▓▓▓▓▓▓▓▓


You could see 2 earth elementals, a deep elf zephyrmancer and a +1 trident of
protection.

Vanquished Creatures
  A guardian mummy (D)
  A water elemental (D)
  A yak (D)
  A floating eye (D)
  A wolf (D)
  A quasit (D)
  A jelly (D)
  3 iron imps (D)
  3 iguanas (D)
  6 mummies (D)
  2 shadow imps (D)
  A white imp (D)
  An adder zombie (D)
  2 endoplasms (D)
25 creatures vanquished.

Vanquished Creatures (others)
  A deep elf knight (D)
1 creature vanquished.

Grand Total: 26 creatures vanquished

Notes
Turn   | Place    | Note
-------+----------+-------------------------------------------
     0 | D        | rocky1 the Naga Fighter began the quest for the Orb.
     0 | D        | Reached XP level 1. HP: 21/21 MP: 1/1
     0 | D        | Found a blossoming altar of Fedhas.
     0 | D        | Found the +6 Majin-Bo {spellvamp, MP+6 Int+6}
     0 | D        | Found the +27 heavy crossbow "Sniper" {heavy, Acc+∞ SInv}
     0 | D        | Found the +10 dark maul {heavy}
     0 | D        | Found the +15 Maxwell's patent armour {-Cast -Tele rElec
                  | Will+ rCorr}
     0 | D        | Found the +18 shield of the Gong {Loud rN+ Will+ rCorr
                  | EV-5}
     0 | D        | Found the +16 obsidian axe {drain, demonic, Mesm Drain Fly
                  | SInv}
     0 | D        | Found the +7 great mace "Firestarter" {flame, immolate,
                  | rFlCloud rF++}
     0 | D        | Found the +6 shillelagh "Devastator" {shatter}
     0 | D        | Found the +11 plutonium sword {Contam Stlth-}
     0 | D        | Found the +8 lance "Wyrmbane" {slay drac, rPois rF+ rC+
                  | AC+3}
     0 | D        | Found the +9 sword of Zonguldrok {reap}
     0 | D        | Found the +13 scythe of Curses {drain, curses, Drain}
     0 | D        | Found the +9 sword of Power {lifebolt}
     0 | D        | Found the +7 mace of Variability {chaos, chaos arc}
     0 | D        | Found the +11 Singing Sword {sonic wave}
     0 | D        | Found the +8 storm bow {elec, penet}
     1 | D        | Found a shimmering blue altar of Sif Muna.
     1 | D        | Found a sacrificial altar of Ru.
     1 | D        | Found a bloodstained altar of Trog.
     1 | D        | Found a stormy altar of Qazlal.
     1 | D        | Found an iron altar of Okawaru.
     1 | D        | Found a sparkling altar of Nemelex Xobeh.
     3 | D        | Found a transporter.
     3 | D        | Found an ancient bone altar of Kikubaaqudgha.
     3 | D        | Found a viscous altar of Jiyva.
     3 | D        | Found a corrupted altar of Lugonu.
     3 | D        | Found a hazy altar of Hepliaklqana.
     3 | D        | Found a burning altar of Makhleb.
     3 | D        | Found an opulent altar of Gozag.
    54 | D        | Reached skill level 5 in Polearms
    54 | D        | Reached XP level 2. HP: 31/31 MP: 2/2
    70 | D        | Became a worshipper of Cheibriados the Contemplative
    89 | D        | Entered arena 2.
    89 | D        | Found a transporter.
    98 | D        | Reached skill level 1 in Invocations
    98 | D        | Reached XP level 3. HP: 38/38 MP: 3/3
   102 | D        | Got the +0 buckler of the Earth {rF+ rN+}
   116 | D        | Entered arena 3.
   116 | D        | Found a transporter.
   123 | D        | Reached * piety under Cheibriados
   124 | D        | Reached skill level 5 in Fighting
   173 | D        | Entered arena 4.
   173 | D        | Found a transporter.
   180 | D        | Reached XP level 4. HP: 29/46 MP: 4/6
   183 | D        | Reached skill level 6 in Polearms
   190 | D        | Reached skill level 5 in Armour
   190 | D        | Reached skill level 5 in Shields
   190 | D        | Reached XP level 5. HP: 16/55 MP: 4/7
   351 | D        | Entered arena 5.
   351 | D        | Noticed a floating eye
   351 | D        | Found a transporter.
   353 | D        | Reached ** piety under Cheibriados
   355 | D        | Paralysed by a floating eye for 4 turns
   360 | D        | Killed a floating eye
   361 | D        | Reached skill level 7 in Polearms
   361 | D        | Reached XP level 6. HP: 60/63 MP: 7/9
   365 | D        | Reached *** piety under Cheibriados
   482 | D        | Entered arena 6.
   482 | D        | Found the +5 Lochaber axe {reach-cleave, Poleaxe Drain}
   482 | D        | Noticed a yak
   482 | D        | Found a transporter.
   494 | D        | Reached skill level 8 in Polearms
   494 | D        | Reached skill level 5 in Invocations
   495 | D        | Reached **** piety under Cheibriados
   496 | D        | Reached skill level 1 in Dodging
   500 | D        | Reached XP level 7. HP: 41/70 MP: 9/11
   504 | D        | Killed a yak
   505 | D        | Reached skill level 9 in Polearms
   506 | D        | Reached ***** piety under Cheibriados
   696 | D        | Entered arena 7.
   696 | D        | Noticed a guardian mummy
   705 | D        | Killed a guardian mummy
   706 | D        | Reached skill level 10 in Polearms
   706 | D        | Reached XP level 8. HP: 80/80 MP: 12/12
   725 | D        | Found a transporter.
   761 | D        | Entered arena 8.
   761 | D        | Noticed a deep elf zephyrmancer
   761 | D        | Noticed a water elemental
   761 | D        | Noticed a deep elf knight
   761 | D        | Noticed a +1 trident of protection
   764 | D        | Killed a water elemental
   764 | D        | Killed a deep elf knight
   765 | D        | Reached skill level 11 in Polearms
   765 | D        | Reached skill level 1 in Stealth
   765 | D        | Killed from afar by a deep elf zephyrmancer

Illustrated notes

Levels and vault maps discovered:
D:        sprint_v [room_start, room_1, room_2, room_3, room_4, room_5, room_6,
          room_7, room_8, room_9, room_10, room_11, room_12, room_13, room_14,
          room_15, room_16, room_17, room_18, room_19, room_20, room_21,
          room_22, room_23, room_24, room_25, room_26, room_27]

Skill      XL: |  1  2  3  4  5  6  7  8 |
---------------+-------------------------+-----
Fighting       | 4 5 6 7 8 |  8.0
Polearms       | 5 6 7 8 10 11 | 11.8
Armour         | 3 4 5 6 7 |  7.8
Shields        | 4 5 6 |  6.4
Invocations    | 1 2 3 4 5 6 7 |  7.6
Dodging        | 1 2 |  2.5
Stealth        | 1 |  1.7
Evocations     | |  0.3

Action                     |  1- 3 |  4- 6 |  7- 9 || total
---------------------------+-------+-------+-------++-------
  Melee: Lance             |    21 |    36 |    32 ||    89
Ability: Spit Poison       |       |     1 |       ||     1
  Evoke: Wand              |       |       |     4 ||     4
    Use: Potion            |     1 |       |       ||     1
 Armour: Chain mail        |    19 |    15 |       ||    34
         Scale mail        |     6 |       |       ||     6
         Ring mail         |       |    18 |    14 ||    32
  Dodge: Dodged            |     9 |    11 |     7 ||    27
  Block: Buckler           |     3 |    10 |     6 ||    19

Table legend: (Time is in decaauts)
 A = Elapsed time spent in this place.
 B = Non-inter-level travel time spent in this place.
 C = Inter-level travel time spent in this place.
 D = Time resting spent in this place.
 E = Time spent auto-exploring this place.
 F = Levels seen in this place.
 G = Mean time per level.
                   A        B        C        D        E       F      G
               +--------+--------+--------+--------+--------+-----+--------+
         Total |    885 |    885 |      0 |    431 |      0 |   1 |  885.0 |
       Dungeon |    885 |    885 |      0 |    431 |      0 |   1 |  885.0 |
               +--------+--------+--------+--------+--------+-----+--------+

Top non-repeatable levels by time:
       D: 885 daAuts
